 Dungeon Crawl Stone Soup version 0.29-a0-838-g385bb11a5b (webtiles) character file.

Game seed: 5186931421505158752

601 gruber the Destroyer (level 7, -5/36 HPs)
             Began as a Tengu Conjurer on July 13, 2022.
             Slain by Vorhees's ghost (10 damage)
             ... on level 4 of the Dungeon.
             The game lasted 00:04:07 (5263 turns).

gruber the Destroyer (Tengu Conjurer)               Turns: 5263, Time: 00:04:07

Health: -5/36      AC:  2    Str:  8    XL:     7   Next: 41%
Magic:  3/15       EV: 14    Int: 20    God:
Gold:   279        SH:  5    Dex: 12    Spells: 12/15 levels left

rFire   . . .      SeeInvis .   s - +2 dagger (flame)
rCold   + . .      Faith    .   (no shield)
rNeg    . . .      Spirit   .   a - +0 robe
rPois   .          Reflect  +   (helmet restricted)
rElec   .          Harm     .   (no cloak)
rCorr   .          Rampage  .   (no gloves)
Will    .....                   (boots unavailable)
Stlth   ++........              e - amulet of reflection
HPRegen 0.12/turn               m - ring of protection from cold
MPRegen 0.14/turn               (no ring)

@: flying quickly and evasively, quick
A: beak, talons 3, nimble flight
a: no special abilities


You were on level 4 of the Dungeon.
You visited 1 branch of the dungeon, and saw 4 of its levels.

You collected 279 gold pieces.

Inventory:

Hand Weapons
 s - a +2 dagger of flaming (weapon)
Missiles
 h - 2 throwing nets
Armour
 a - a +0 robe (worn)
Jewellery
 e - an amulet of reflection (around neck)
 m - a ring of protection from cold (left hand)
Wands
 v - a wand of acid (3)
Scrolls
 c - 2 scrolls of poison {unknown}
 d - 5 scrolls of identify {unknown}
 g - a scroll of fog {unknown}
 k - a scroll of magic mapping {unknown}
 l - 2 scrolls of teleportation {unknown}
 o - a scroll of blinking {unknown}
 r - a scroll of noise {unknown}
 t - a scroll of summoning {unknown}
 u - a scroll of torment {unknown}
Potions
 b - 2 potions of magic
 f - 2 potions of flight {unknown}
 i - 2 potions of invisibility {unknown}
 j - a potion of cancellation {unknown}
 n - a potion of resistance {unknown}
 p - 2 potions of curing {unknown}
 q - a potion of lignification {unknown}


   Skills:
 - Level 2.1 Dodging
 - Level 2.0 Stealth
 + Level 4.9 Spellcasting
 + Level 9.4 Conjurations


You had 12 spell levels left.
You knew the following spells:

 Your Spells              Type           Power      Damage    Failure   Level
a - Magic Dart            Conj           100%       1d8       1%          1
b - Searing Ray           Conj           84%        2d7       1%          2

Your spell library contained the following spells:

 Spells                   Type           Power      Damage    Failure   Level
 Dazzling Flash           Conj/Hex       46%        N/A       4%          3
 Iskenderun's Battlesphe  Conj           42%        2d9       7%          5
 Beastly Appendage        Tmut           8%         N/A       12%         1
 Fulminant Prism          Conj/Hex       11%        3d9       17%         4
 Iskenderun's Mystic Bla  Conj/Tloc      23%        2d6       17%         4
 Wereblood                Tmut           4%         N/A       19%         2
 Call Canine Familiar     Summ           4%         N/A       34%         3
 Frozen Ramparts          Ice            8%         1d2       34%         3
 Portal Projectile        Hex/Tloc       8%         N/A       34%         3
 Spider Form              Tmut/Pois      4%         N/A       34%         3
 Ice Form                 Ice/Tmut       4%         N/A       75%         4
 Leda's Liquefaction      Hex/Erth       2%         N/A       75%         4
 Summon Ice Beast         Ice/Summ       4%         N/A       75%         4
 Iron Shot                Conj/Erth      11%        9d3       95%         6
 Spellforged Servitor     Conj/Summ      11%        N/A       100%        7


Dungeon Overview and Level Annotations

Branches:
Dungeon (4/15)
 Temple: D:4-7

Altars:
Elyvilon

Shops:
D:1 (

Annotations:
D:1 1 transporter
D:4 Vorhees's ghost, novice TrGl


Innate Abilities, Weirdness & Mutations

You have a beak for a mouth.
You have claws for feet.
Your magical nature lets you fly swiftly and evasively.


Message History

Casting: Searing Ray (safe; 1% risk of failure)
Confirm with . or Enter, or press ? or * to list all spells.
Aiming: Searing Ray (safe; 1% risk of failure)
Press: ? - help, Shift-Dir - straight line, f - adder
Aim: an adder (lightly wounded, 70% to hit)
The searing ray hits the adder!
You kill the adder!
The searing ray hits Vorhees's ghost!
Vorhees's ghost is lightly damaged. (Press . to maintain the ray.)
You feel sick.
Unknown command.
The searing ray misses Vorhees's ghost.
You feel sick.
You are no longer poisoned.
The searing ray hits Vorhees's ghost.
Vorhees's ghost is lightly damaged.
Vorhees's ghost closely misses you.
The searing ray hits Vorhees's ghost!
Vorhees's ghost is heavily damaged.
You finish channelling your searing ray.
Vorhees's ghost hits you!
* * * LOW HITPOINT WARNING * * *
Casting: Searing Ray (safe; 1% risk of failure)
Confirm with . or Enter, or press ? or * to list all spells.
Aiming: Searing Ray (safe; 1% risk of failure)
Press: ? - help, Shift-Dir - straight line, f - Vorhees's ghost
Aim: Vorhees's ghost (heavily damaged, 82% to hit)
The searing ray hits Vorhees's ghost.
Vorhees's ghost is heavily damaged. (Press . to maintain the ray.)
You block Vorhees's ghost's attack.
Unknown command.
The searing ray hits Vorhees's ghost!
Vorhees's ghost is severely damaged.
Vorhees's ghost hits you.
* * * LOW HITPOINT WARNING * * *
The searing ray hits Vorhees's ghost.
Vorhees's ghost is severely damaged.
Vorhees's ghost hits you!
You die...

#................
###............#..
###..............#.#
#...................
##.............###..
#####.........###.>
##.............
###≈#.............
#@#)#.............
#W#≈#...##.....#..
#.#≈#..........#..
#.#≈#............#
#.#≈#..##....##..#
#.#'#.###.....#..#
#...).# ##..#.....
####### ####.....
#...##


You could see Vorhees's ghost.

Vanquished Creatures
  A phantom (D:4)
  A necrophage (D:4)
  A hound (D:4)
  A jelly (D:4)
  2 orc priests
  An iguana (D:4)
  2 orc wizards (D:4)
  Ijyb (D:4)
  7 gnolls
  6 adders
  3 worms
  5 dart slugs
  11 orcs
  5 ball pythons
  5 bats
  3 endoplasms
  3 giant cockroaches
  9 goblins
  11 hobgoblins
  5 jackals
  9 kobolds
  A quokka (D:4)
  4 frilled lizards
  7 rats
104 creatures vanquished.

Vanquished Creatures (others)
  A butterfly (D:4)
1 creature vanquished.

Grand Total: 105 creatures vanquished

Notes
Turn   | Place    | Note
-------+----------+-------------------------------------------
     0 | D:1      | gruber the Tengu Conjurer began the quest for the Orb.
     0 | D:1      | Reached XP level 1. HP: 10/10 MP: 4/4
   141 | D:1      | Found Gaseekk's Weapon Emporium.
   183 | D:1      | Reached XP level 2. HP: 15/15 MP: 0/6
   271 | D:1      | Reached skill level 6 in Conjurations
   991 | D:1      | Found a faded altar of an unknown god.
  1023 | D:1      | Reached XP level 3. HP: 19/19 MP: 4/7
  1331 | D:1      | Learned a level 2 spell: Searing Ray
  2381 | D:2      | Reached XP level 4. HP: 24/24 MP: 3/8
  2383 | D:2      | Reached skill level 7 in Conjurations
  3123 | D:3      | Gained mutation: Your magical nature lets you fly swiftly
                  | and evasively. [Tengu growth]
  3123 | D:3      | Reached XP level 5. HP: 28/28 MP: 3/10
  3485 | D:3      | Reached skill level 8 in Conjurations
  3983 | D:4      | Reached XP level 6. HP: 32/32 MP: 7/12
  4483 | D:4      | Reached skill level 9 in Conjurations
  4483 | D:4      | Reached XP level 7. HP: 36/36 MP: 6/14
  4701 | D:4      | Noticed Ijyb
  4842 | D:4      | Killed Ijyb
  4982 | D:4      | Found a white marble altar of Elyvilon.
  5022 | D:4      | Found a runed translucent door.
  5162 | D:4      | Noticed Vorhees's ghost (novice TrGl)
  5263 | D:4      | Slain by Vorhees's ghost

Illustrated notes

Levels and vault maps discovered:
D:1:      spicycebolla_arrival_transporter_tutorial, layout_basic, serial_shops,
          shop, hellmonk_ecumenical_altar_crossroads, st_stairs_6
D:2:      cheibrodos_greedy_goblins, layout_rooms, serial_co_window_serial,
          co_window_paths_b, co_window_of_opportunity_a, co_window_corner_a,
          co_window_corner_a, co_window_corner_a, co_window_corner_a,
          co_window_corner_a, co_window_broadway_c, co_window_paths_c,
          co_window_broadway_c, co_window_unsneaky_path_b, co_window_paths_d,
          glass_columns_b, glass_columns_b, glass_columns_a, glass_columns_a,
          nicolae_grassy_gnolls
D:3:      layout_basic, due_unseen_surprise
D:4:      layout_cave_pools, nicolae_elyvilon_peaceful_grove,
          ebering_ghost_sewer_d, uniq_ijyb

Skill      XL: |  1  2  3  4  5  6 |
---------------+-------------------+-----
Conjurations   | 6 7 8 9 |  9.4
Spellcasting   | 3 4 |  4.9
Dodging        | |  2.1
Stealth        | |  2.0

Action                   |  1- 3 |  4- 6 |  7- 9 || total
-------------------------+-------+-------+-------++-------
Melee: Unarmed           |     1 |    11 |       ||    12
       Kick              |     1 |     2 |       ||     3
 Cast: Magic Dart        |    58 |    94 |    20 ||   172
       Searing Ray       |     3 |     7 |     9 ||    19
Armor: Robe              |     2 |     1 |     1 ||     4
Dodge: Dodged            |     6 |    14 |     7 ||    27
Block: Other             |       |     4 |     3 ||     7

Table legend: (Time is in decaauts)
 A = Elapsed time spent in this place.
 B = Non-inter-level travel time spent in this place.
 C = Inter-level travel time spent in this place.
 D = Time resting spent in this place.
 E = Time spent auto-exploring this place.
 F = Levels seen in this place.
 G = Mean time per level.
                   A        B        C        D        E       F      G
               +--------+--------+--------+--------+--------+-----+--------+
         Total |   5168 |   4911 |    257 |    150 |   4219 |   4 | 1292.0 |
       Dungeon |   5168 |   4911 |    257 |    150 |   4219 |   4 | 1292.0 |
               +--------+--------+--------+--------+--------+-----+--------+

Top non-repeatable levels by time:
     D:1: 1490 daAuts
     D:2: 1428 daAuts
     D:4: 1172 daAuts
     D:3: 1077 daAuts
